 Dungeon Crawl Stone Soup version 0.25.1-2-g60ff931df9 (webtiles) character file.

Game seed: 2768906496364308506

16639 Impeuri the Severer (level 12, -5/110 HPs)
             Began as a Hill Orc Monk on Aug 21, 2020.
             Was a High Priest of Beogh.
             Slain by a fire elemental (7 damage)
             ... led by Azrael
             ... on level 12 of the Dungeon.
             The game lasted 00:28:17 (12141 turns).

Impeuri the Severer (Hill Orc Monk)                Turns: 12141, Time: 00:28:19

Health: -5/110     AC: 18    Str: 19    XL:     12   Next: 39%
Magic:  18/18      EV: 12    Int: 10    God:    Beogh [*****.]
Gold:   734        SH: 13    Dex: 13    Spells: 11/11 levels left

rFire    . . .     SeeInvis .   d - +2 war axe (elec)
rCold    . . .     Gourm    .   m - +3 warlock's mirror {reflect}
rNeg     . . .     Faith    .   t - +0 swamp dragon scales
rPois    +         Spirit   .   B - +2 hat
rElec    .         Reflect  +   h - +2 cloak
rCorr    .         Harm     .   g - +1 pair of gloves
MR       .....                  (no boots)
Stlth    ++........             k - amulet of reflection
HPRegen  0.28/turn              n - ring of stealth
MPRegen  0.16/turn              (no ring)

@: berserk cooldown, slowed, very slow
A: walk on water
a: Smiting, Recall Orcish Followers, Give Item to Named Follower, Renounce
Religion


You were on level 12 of the Dungeon.
You worshipped Beogh.
Beogh was extremely pleased with you.
You were hungry.

You visited 1 branch of the dungeon, and saw 12 of its levels.

You collected 734 gold pieces.

Inventory:

Hand Weapons
 d - a +2 war axe of electrocution (weapon)
 q - a +6 hand axe of freezing
 E - a +0 glaive
 F - a +2 vorpal trident
Missiles
 A - 6 throwing nets (quivered)
Armour
 g - a +1 pair of gloves (worn)
 h - a +2 cloak (worn)
 m - the +3 warlock's mirror (worn) {reflect}
   (You found it on level 6 of the Dungeon)
 o - a +0 plate armour
 t - +0 swamp dragon scales (worn)
 B - a +2 hat (worn)
 G - a cursed +0 plate armour
Jewellery
 k - an amulet of reflection (around neck)
 n - a ring of stealth (left hand)
Wands
 f - a wand of polymorph (8)
 v - a wand of flame (18)
 z - a wand of acid (4)
 D - a wand of digging (4)
Scrolls
 a - a scroll of brand weapon
 e - 8 scrolls of identify
 j - 2 scrolls of remove curse
 r - 2 scrolls of amnesia
 s - 3 scrolls of magic mapping
 u - a scroll of enchant armour
 y - a scroll of fog
 H - a scroll of enchant weapon {unknown}
Potions
 b - 5 potions of lignification
 i - 2 potions of curing {unknown}
 w - a potion of berserk rage
 x - a potion of ambrosia {unknown}
 C - 2 potions of mutation {unknown}
Miscellaneous
 l - a box of beasts
Comestibles
 c - 18 rations


   Skills:
 + Level 11.3 Fighting
 * Level 16.1 Axes
 + Level 9.8 Armour
 - Level 2.4 Dodging
 - Level 1.5 Stealth
 - Level 5.0 Shields
 + Level 9.0 Invocations


You had 11 spell levels left.
You didn't know any spells.
Your spell library contained the following spells:

 Spells                   Type           Power        Failure   Level  Hunger
 Foxfire                  Conj/Fire      #...         52%         1    ##.....
 Conjure Flame            Conj/Fire      #.......     87%         3    ####...
 Inner Flame              Hex/Fire       #.......     87%         3    ####...
 Sticky Flame             Conj/Fire      #.......     99%         4    #####..
 Fireball                 Conj/Fire      #.........   100%        5    ######.


Dungeon Overview and Level Annotations

Branches:
Dungeon (12/15)            Temple (0/1) D:5            Lair (0/6) D:10
    Orc (0/2) D:10

Altars:
Ashenzari
Cheibriados
Fedhas
Kikubaaqudgha
Makhleb
Nemelex Xobeh
Okawaru
Qazlal
Ru
Trog
Uskayaw
Wu Jian
Xom
Yredelemnul
The Shining One
Beogh

Shops:
D:5 (

Annotations:
D:8 2 transporters


Message History

You block the fire elemental's attack.
You slash the fire elemental!
The fire elemental is moderately damaged.
The fire elemental hits you. The fire elemental burns you!
* * * LOW HITPOINT WARNING * * *
You closely miss the fire elemental.
The fire elemental is moderately damaged.
You closely miss the fire elemental.
The fire elemental is moderately damaged.
The fire elemental hits you. The fire elemental burns you!
* * * LOW HITPOINT WARNING * * *
You closely miss the fire elemental.
The fire elemental is moderately damaged.
You slash the fire elemental!
The fire elemental is heavily damaged.
You are no longer berserk.
You are exhausted.
You feel yourself slow down. The fire elemental hits you.
The fire elemental burns you!
You die...

#oo.[..#
#......#
#o.....#
#......#
#oo....####
#.#+##....#
#.#..).##.#
#..).####.#
#..)ooo@E.#
##...######
#####


You could see a fire elemental, a friendly orc warrior, the friendly Learuk the
orc warrior and the friendly Judas the orc priest.

Vanquished Creatures
  Gastronok (D:10)
  Azrael (D:12)
  Snorg (D:10)
  Erolcha (D:10)
  A catoblepas (D:10)
  A two-headed ogre (D:10)
  An unseen horror (D:10)
  Pikel (D:6)
  An ugly thing (D:11)
  A cyclops (D:11)
  Joseph (D:7)
  Maggie (D:7)
  An efreet (D:10)
  A troll (D:10)
  Grinder (D:6)
  Prince Ribbit (D:6)
  2 hippogriffs
  Sigmund (D:2)
  A wyvern (D:11)
  4 yaks (D:9)
  A basilisk (D:10)
  A fire elemental (D:12)
  Menkaure (D:7)
  A swamp worm (D:8)
  2 hell hounds (D:12)
  A water moccasin (D:8)
  3 porcupines (D:10)
  4 ice beasts
  A phantom (D:10)
  4 ogres
  4 centaurs
  2 crocodiles (D:10)
  A big kobold (D:10)
  5 bullfrogs
  4 scorpions
  A wight (D:3)
  A bullfrog zombie (D:9)
  2 howler monkeys (D:9)
  4 crimson imps
  3 centaur skeletons
  2 jellies
  7 orc priests
  4 hounds (D:7)
  8 orc wizards
  A quasit (D:6)
  2 bullfrog skeletons
  Crazy Yiuf (D:2)
  Jessica (D:2)
  5 iguanas
  3 worker ants
  A killer bee zombie (D:9)
  3 hound zombies
  A howler monkey zombie (D:11)
  23 adders
  11 gnolls
  4 shadow imps
  2 oozes
  2 worms
  2 dart slugs
  8 leopard geckos
  25 orcs
  4 ball pythons
  7 bats
  7 giant cockroaches
  12 hobgoblins
  5 jackals
  2 quokkas
  A ball python skeleton (D:4)
  6 frilled lizards
  6 goblins
  13 kobolds
  A leopard gecko skeleton (D:5)
  8 rats
  2 plants (D:10)
260 creatures vanquished.

Vanquished Creatures (collateral kills)
  A fire dragon (D:10)
  An unseen horror (D:10)
  An orc knight (D:10)
  A cyclops (D:11)
  A centaur skeleton (D:11)
  A basilisk (D:10)
  A water moccasin (D:11)
  2 orc warriors
  A black bear (D:10)
  2 wolves (D:10)
  A centaur (D:10)
  2 crocodiles
  A bullfrog (D:10)
  2 scorpions
  A crimson imp (D:9)
  A jelly (D:10)
  An orc priest (D:10)
  An adder (D:11)
  4 orcs (D:10)
  2 kobolds (D:10)
28 creatures vanquished.

Vanquished Creatures (others)
  An orc knight (D:10)
  3 orc warriors
  2 slaves (D:6)
  A jelly (D:6)
  A bullfrog skeleton (D:6)
  3 orc priests
  2 orc wizards
  2 adders (D:6)
  10 orcs
  A fungus (D:10)
  2 plants (D:5)
28 creatures vanquished.

Grand Total: 316 creatures vanquished

Notes
Turn   | Place    | Note
-------+----------+-------------------------------------------
     0 | D:1      | Impeuri the Hill Orc Monk began the quest for the Orb.
     0 | D:1      | Reached XP level 1. HP: 19/19 MP: 1/1
   334 | D:1      | Reached XP level 2. HP: 24/27 MP: 2/2
   399 | D:1      | Reached skill level 1 in Armour
   723 | D:1      | Reached XP level 3. HP: 33/33 MP: 3/3
   770 | D:1      | Found a snail-covered altar of Cheibriados.
   902 | D:2      | Noticed Jessica
   916 | D:2      | Reached skill level 5 in Axes
   934 | D:2      | Killed Jessica
   934 | D:2      | Reached XP level 4. HP: 37/40 MP: 4/4
  1072 | D:2      | Found a hide-covered altar of Uskayaw.
  1273 | D:2      | Noticed Sigmund
  1295 | D:2      | Killed Sigmund
  1295 | D:2      | Reached skill level 5 in Fighting
  1295 | D:2      | Reached skill level 6 in Axes
  1295 | D:2      | Reached XP level 5. HP: 19/48 MP: 5/5
  1295 | D:2      | Reached XP level 6. HP: 22/56 MP: 6/6
  1544 | D:2      | Found a runed translucent door.
  1545 | D:2      | Noticed Crazy Yiuf
  1576 | D:2      | Killed Crazy Yiuf
  1576 | D:2      | Reached skill level 7 in Axes
  1876 | D:2      | Found a blossoming altar of Fedhas.
  2678 | D:3      | Found a shimmering altar of Xom.
  3035 | D:3      | Found a transporter.
  3040 | D:3      | Found a transporter.
  3055 | D:3      | Found an ornate altar of the Wu Jian Council.
  3083 | D:3      | Reached XP level 7. HP: 32/61 MP: 7/7
  3413 | D:4      | Reached skill level 8 in Axes
  3425 | D:4      | You fall into a shaft and drop 3 floors!
  3586 | D:7      | Reached skill level 9 in Axes
  3586 | D:7      | Reached XP level 8. HP: 70/71 MP: 8/8
  3598 | D:6      | Noticed Pikel
  3599 | D:6      | Found the +3 warlock's mirror {reflect}
  3606 | D:6      | Noticed Grinder
  3631 | D:6      | Killed Pikel
  3631 | D:6      | Reached skill level 10 in Axes
  3631 | D:6      | Reached skill level 5 in Armour
  3650 | D:6      | Paralysed by Grinder for 4 turns
  3662 | D:6      | Killed Grinder
  3912 | D:5      | Entered Level 5 of the Dungeon
  3921 | D:5      | Found a sacrificial altar of Ru.
  3952 | D:5      | Found a staircase to the Ecumenical Temple.
  3961 | D:5      | Reached XP level 9. HP: 79/79 MP: 9/9
  4065 | D:4      | Found a burning altar of Makhleb.
  4165 | D:4      | You fall into a shaft and drop 2 floors!
  4172 | D:6      | Reached skill level 11 in Axes
  4309 | D:4      | Reached skill level 1 in Shields
  4376 | D:4      | Became a worshipper of Beogh the Brigand
  4376 | D:4      | Reached * piety under Beogh
  4376 | D:4      | Reached ** piety under Beogh
  5054 | D:5      | Found an iron altar of Okawaru.
  5225 | D:5      | Found Tenn's Weapon Shop.
  5446 | D:5      | Reached skill level 1 in Invocations
  5747 | D:5      | Found a glowing golden altar of the Shining One.
  5829 | D:6      | Found a sparkling altar of Nemelex Xobeh.
  5843 | D:6      | Noticed Prince Ribbit
  5859 | D:6      | Killed Prince Ribbit
  6030 | D:6      | Found a shattered altar of Ashenzari.
  6060 | D:6      | Found a glowing golden altar of the Shining One.
  6061 | D:6      | Found a stormy altar of Qazlal.
  6375 | D:7      | Noticed Joseph
  6382 | D:7      | Killed Joseph
  6382 | D:7      | Reached skill level 12 in Axes
  6412 | D:7      | Reached *** piety under Beogh
  6697 | D:7      | Noticed Maggie
  6936 | D:7      | Reached XP level 10. HP: 90/90 MP: 12/12
  7129 | D:7      | Killed Maggie
  7222 | D:7      | Noticed Menkaure
  7231 | D:7      | Killed Menkaure
  7827 | D:8      | Found an ancient bone altar of Kikubaaqudgha.
  7827 | D:8      | Found a basalt altar of Yredelemnul.
  7829 | D:8      | Noticed a flayed ghost
  7846 | D:8      | Found a transporter.
  7857 | D:8      | Noticed a death knight
  7858 | D:8      | Found a transporter.
  8060 | D:8      | Noticed Harold
  8066 | D:8      | Noticed Harold
  8066 | D:8      | Harold changed into Harold the swamp worm
  8075 | D:8      | Killed Harold the swamp worm
  8358 | D:9      | Reached skill level 13 in Axes
  8476 | D:9      | Found a bloodstained altar of Trog.
  8864 | D:9      | Reached skill level 5 in Invocations
  9040 | D:10     | Entered Level 10 of the Dungeon
  9048 | D:10     | Noticed Snorg
  9067 | D:10     | Killed Snorg
  9119 | D:10     | Killed an unseen horror
  9119 | D:10     | Reached skill level 5 in Shields
  9425 | D:10     | Reached XP level 11. HP: 87/99 MP: 15/15
  9430 | D:10     | Reached **** piety under Beogh
  9441 | D:10     | Killed an unseen horror
  9441 | D:10     | Reached skill level 14 in Axes
  9442 | D:10     | Found a staircase to the Lair.
  9447 | D:10     | Gained Orik as an ally
  9465 | D:10     | Reached skill level 10 in Fighting
  9823 | D:10     | Noticed Gastronok
  9838 | D:10     | Killed Gastronok
 10068 | D:10     | Noticed a fire dragon
 10068 | D:10     | Noticed a catoblepas
 10081 | D:10     | Killed a fire dragon
 10099 | D:10     | Your ally Orik died
 10120 | D:10     | Killed a catoblepas
 10120 | D:10     | Reached skill level 15 in Axes
 10442 | D:10     | Noticed Erolcha
 10454 | D:10     | Killed Erolcha
 10795 | D:10     | Noticed a two-headed ogre
 10805 | D:10     | Killed a two-headed ogre
 10805 | D:10     | Reached XP level 12. HP: 72/108 MP: 18/18
 10810 | D:10     | Found a roughly hewn altar of Beogh.
 10812 | D:10     | Found a staircase to the Orcish Mines.
 10831 | D:10     | Reached ***** piety under Beogh
 12110 | D:12     | Noticed Azrael
 12126 | D:12     | Killed Azrael
 12126 | D:12     | Gained Learuk as an ally
 12126 | D:12     | Reached skill level 16 in Axes
 12126 | D:12     | Gained Judas as an ally
 12139 | D:12     | HP: 3/165 [fire elemental[Azrael] (10)]
 12141 | D:12     | Slain by a fire elemental

Illustrated notes

Levels and vault maps discovered:
D:1:      shiori_shiawase, layout_basic, cheibriados_altar_1
D:2:      layout_loops_ring, nicolae_overflow_crystal_walls,
          serial_bayou_ford_a, fedhas_altar_3, uniq_sigmund,
          uniq_crazy_yiuf_cottage, uniq_jessica
D:3:      layout_basic, gammafunk_temple_overflow_arena,
          brannock_xom_greatest_gift, minivault_27,
          chequers_serial_rivers_micro_c, kennysheep_generic_room_11
D:4:      layout_loops_corners, overflow_temple_1_default
D:5:      wad_lake_hut, layout_basic, nicolae_ru_great_annihilating_truth,
          okawaru_altar_gauntlet_db, minmay_temple_entry_tees, serial_shops,
          shop, first_ration, nicolae_tso_swordbearing_angel
D:6:      layout_rooms, kennysheep_mini_moat, lemuel_doored_altar,
          gammafunk_temple_overflow_pools, uniq_prince_ribbit1, uniq_grinder,
          uniq_pikel
D:7:      layout_basic, uniq_menkaure, uniq_joseph, uniq_maggie
D:8:      layout_basic, gammafunk_temple_of_torment, uniq_harold
D:9:      layout_roguey, lemuel_coloured_pillars_altar
D:10:     minmay_chambers_of_sevens, layout_irregular_city,
          minmay_lair_entry_grove, david_orc_5, uniq_snorg, uniq_gastronok,
          uniq_erolcha
D:11:     layout_irregular_city
D:12:     layout_basic, uniq_azrael

Skill      XL: |  1  2  3  4  5  6  7  8  9 10 11 12 |
---------------+-------------------------------------+-----
Armour         | 1 3 4 5 6 8 9 |  9.8
Fighting       | 4 5 6 7 8 9 10 11 | 11.3
Axes           | 5 6 7 9 10 12 13 15 16 | 16.1
Shields        | 3 5 |  5.0
Invocations    | 3 5 8 9 |  9.0
Dodging        | |  2.4
Stealth        | |  1.5

Action                   |  1- 3 |  4- 6 |  7- 9 | 10-12 || total
-------------------------+-------+-------+-------+-------++-------
Melee: Hand axe          |    85 |   209 |   280 |   290 ||   864
       War axe           |       |    25 |    11 |    83 ||   119
Invok: Convert to Beogh  |       |       |     1 |       ||     1
Evoke: Wand              |       |       |     1 |    11 ||    12
  Use: Scroll            |     1 |       |     8 |     4 ||    13
       Potion            |       |     5 |     5 |     6 ||    16
 Stab: Sleeping          |     1 |       |       |     9 ||    10
       Distracted        |       |       |       |     2 ||     2
       Petrified         |       |       |       |     2 ||     2
  Eat: Chunk             |       |     7 |    12 |    13 ||    32
       Ration            |       |       |       |     1 ||     1
Armor: Robe              |    17 |       |       |       ||    17
       Chain mail        |    18 |   117 |    12 |       ||   147
       Skin              |       |     6 |       |       ||     6
       Plate armour      |       |       |   111 |     2 ||   113
       Swamp dragon scal |       |       |       |    77 ||    77
Dodge: Dodged            |    43 |    61 |    47 |    77 ||   228
Block: Other             |     6 |    49 |    22 |       ||    77
       Buckler           |       |       |   105 |   147 ||   252
       Reflection        |       |       |    20 |    18 ||    38
